AoeStats
← eduardo.mora.glez

MegaRandom

510496378Analyzed
2v2 RM · 2d ago on Oct 1, 2026· 65m 58s· 4 players
Game mode
Random Map
Map size
Medium (4 player)
Population
200
Speed
Normal
Resources
Standard
Victory
Conquest
Starting age
Dark Age
Ending age
Imperial Age
RankedLock teamsTeams togetherTeam positionsShared explorationLock speedFull tech treeHidden civsTurbo modeCheats
Victory
Defeat
🇨🇳 Goths · China
636
+10
🇨🇳 Khmer · China
606
+11
🇪🇸 Slavs · Spain
504
-11
🇧🇷 Tupi · Brazil
493
-10
Jean
0:52 Loom
18:08 Feudal Age
19:27 Wheelbarrow
18:26 Champi Runner
19:16 Double-Bit Axe
19:19 Horse Collar
19:26 Town Watch
20:30 Forging
20:21 Scale Mail Armor
20:52 Arson
26:58 Castle Age
27:50 Squires
27:11 Pikeman
28:44 Chain Mail Armor
33:02 Hand Cart
33:37 Fletching
34:03 Heavy Plow
34:17 Bow Saw
34:30 Heavy Plow
35:24 Gold Mining
36:56 Champi Warrior
38:34 Caciques
50:47 Padded Archer Armor
53:39 Bodkin Arrow
54:00 Leather Archer Armor
eduardo.mora.glez
0:51 Loom
11:24 Feudal Age
11:51 Town Watch
12:43 Wheelbarrow
14:43 Double-Bit Axe
27:36 Castle Age
26:15 Stone Mining
28:39 Hand Cart
31:33 Town Patrol
32:15 Bow Saw
35:54 Detinets
36:32 Gold Mining
39:24 Murder Holes
39:20 Guard Tower
41:29 Fortified Wall
杜蕾斯
0:40 Loom
14:04 Feudal Age
14:59 Double-Bit Axe
16:39 Horse Collar
17:04 Gold Mining
17:04 Stone Mining
18:55 Stone Mining
25:37 Castle Age
24:11 Fletching
24:21 Padded Archer Armor
26:11 Wheelbarrow
25:21 Town Watch
25:53 Crossbowman
27:19 Bodkin Arrow
27:40 Leather Archer Armor
29:26 Heavy Plow
29:38 Bow Saw
30:05 Stone Shaft Mining
30:51 Squires
35:12 Imperial Age
33:24 Anarchy
34:21 Masonry
35:17 Man-at-Arms
35:28 Elite Huskarl
36:43 Long Swordsman
37:43 Treadmill Crane
40:08 Chemistry
39:29 Ballistics
39:23 Forging
39:13 Scale Mail Armor
39:13 Bracer
39:43 Ring Archer Armor
40:33 Two-Handed Swordsman
42:20 Architecture
41:45 Murder Holes
44:43 Iron Casting
44:39 Ring Archer Armor
44:25 Chain Mail Armor
44:17 Elite Skirmisher
45:23 Champion
45:25 Pikeman
46:41 Hand Cart
46:26 Town Patrol
47:29 Blast Furnace
46:59 Halberdier
50:20 Perfusion
50:41 Conscription
62:16 Spies/Treason
湛叔
0:46 Loom
15:14 Feudal Age
15:45 Double-Bit Axe
15:41 Horse Collar
16:38 Wheelbarrow
17:14 Stone Mining
17:14 Gold Mining
19:48 Bloodlines
19:53 Scale Barding Armor
26:43 Man-at-Arms
27:40 Scale Mail Armor
27:51 Forging
34:59 Castle Age
36:14 Hand Cart
36:08 Heavy Plow
36:21 Bow Saw
36:49 Gold Shaft Mining
36:49 Stone Shaft Mining
36:21 Husbandry
36:59 Long Swordsman
40:11 Imperial Age
39:01 Chain Mail Armor
39:06 Chain Barding Armor
39:21 Iron Casting
41:52 Iron Casting
40:56 Two-Handed Swordsman
43:56 Blast Furnace
42:49 Capped Ram
60:59 Crop Rotation
Connection lost

Rejoining the realm…

Still unreachable

The connection could not be restored.

Session expired

The server has moved on; the page needs a fresh start.